Map: Eternal Empire LE

Players

Fenrir - Winner!

  • Race: Zerg Zerg
  • League: Diamond
  • Spawn Location: 1:00

VOD

Have the link to the VOD?

Description

Time

  • Played on: May 8, 2020, 12:23 p.m.
  • Length: 8:13
Show
View Real Time Build Order
Export as new Build Order

Fenrir Zerg - Winner!

Build Orders: Hatch First 

Get SALT Encoding   

  12  0:03  Drone  
  12  0:13  Overlord  
  12  0:17  Drone  
  12  0:31  Drone  
  12  0:32  Drone  
  12  0:50  Hatchery  
  12  0:54  Drone  
  12  0:56  Drone  
  12  1:00  Drone  
  12  1:12  Extractor  
  12  1:16  Spawning Pool  
  12  1:19  Drone  
  12  1:23  Drone  
  12  1:29  Drone  
  12  1:39  Drone  
  12  1:50  Overlord  
  12  2:03  Zergling x4, Queen x2  
  12  2:14  Drone x2  
  12  2:15  Metabolic Boost  
  12  2:23  Drone  
  12  2:24  Drone  
  12  2:36  Overlord  
  12  2:43  Queen x2  
  12  2:44  Drone  
  12  2:47  Drone  
  12  2:59  Drone x2  
  12  3:07  Drone  
  12  3:08  Hatchery  
  12  3:12  Overlord  
  12  3:24  Overlord  
  12  3:25  Drone x4  
  12  3:41  Drone x3  
  12  3:43  Queen  
  12  3:46  Pneumatized Carapace  
  12  3:47  Drone x4  
  12  4:02  Overlord  
  12  4:03  Overlord  
  12  4:09  Drone x4  
  12  4:12  Extractor  
  12  4:13  Extractor  
  12  4:18  Drone  
  12  4:19  Drone  
  12  4:24  Queen  
  12  4:32  Lair  
  12  4:47  Baneling Nest, Drone, Evolution Chamber  
  12  4:49  Evolution Chamber  
  12  4:52  Drone x10  
  12  5:00  Overlord  
  12  5:01  Zergling x2  
  12  5:02  Zergling x2  
  12  5:03  Overlord  
  12  5:04  Zergling x4  
  12  5:11  Spore Crawler  
  12  5:12  Spore Crawler  
  12  5:14  Spore Crawler  
  12  5:20  Drone  
  12  5:22  Zerg Ground Armor Level 1, Zerg Melee Weapons Level 1  
  12  5:31  Drone  
  12  5:33  Drone x11  
  12  5:43  Drone x6  
  12  5:47  Extractor  
  12  5:48  Extractor  
  12  6:02  Hatchery  
  12  6:03  Centrifical Hooks  
  12  6:07  Extractor, Drone x2  
  12  6:09  Drone  
  12  6:15  Overlord x2  
  12  6:17  Drone  
  12  6:18  Drone x2  
  12  6:19  Hatchery  
  12  6:24  Baneling x4  
  12  6:26  Baneling x4  
  12  6:42  Queen x3  
  12  6:46  Spire  
  12  7:18  Queen  
  12  7:32  Overlord x3  
  12  7:39  Zergling x22  
  12  7:40  Zergling x28  
  12  7:45  Zergling x2  
  12  7:46  Zergling x4  
  12  7:47  Zergling x2  
Tags
 
Add a new tag
Caveats
  • Supply blocks, unpowered buildings, or Contaminate may cause inaccurate times.
  • Supply counts are checked every 10 seconds.